MegaRandom
510032662Analyzed3v3 RM
·
2d ago on Sep 29, 2026·
40m 48s·
6 players
Game mode
Random Map
Map size
Normal (6 player)
Population
200
Speed
Normal
Resources
Standard
Victory
Conquest
Starting age
Dark Age
Ending age
Imperial Age
RankedLock teamsTeams togetherTeam positionsShared explorationLock speedFull tech treeHidden civsTurbo modeCheats
Victory
Defeat
Replay analysis
Jling.YYC
0:36
Loom
14:02
Feudal Age
17:58
Gold Mining
20:24
Castle Age
18:56
Stone Mining
19:49
Double-Bit Axe
19:47
Horse Collar
22:42
Scale Mail Armor
27:15
Town Watch
30:59
Heavy Plow
32:19
Pikeman
33:01
Squires
35:01
Forging
35:08
Chain Mail Armor
39:43
Imperial Age
38:42
Iron Casting
40:31
Bow Saw
40:59
Gold Shaft Mining
Kodrokos
11:01
Feudal Age
9:30
Loom
11:59
Feudal Age
16:38
Fletching
17:30
Wheelbarrow
23:55
Horse Collar
26:17
Castle Age
25:55
Padded Archer Armor
26:08
Double-Bit Axe
27:33
Bow Saw
27:20
Bodkin Arrow
26:49
Crossbowman
28:20
Thumb Ring
29:19
Gold Mining
30:27
Ballistics
33:54
Scale Barding Armor
34:28
Hand Cart
33:59
Town Watch
34:50
Forging
37:48
Heavy Plow
Bizless
7:18
Loom
9:27
Feudal Age
11:28
Double-Bit Axe
15:33
Scale Barding Armor
17:53
Fletching
23:37
Castle Age
22:16
Forging
24:04
Wheelbarrow
23:56
Padded Archer Armor
24:43
Chain Barding Armor
24:00
Crossbowman
25:15
Husbandry
TrueDisplay
6:25
Loom
8:36
Feudal Age
20:13
Castle Age
19:23
Scale Barding Armor
19:28
Forging
20:12
Gold Mining
20:08
Double-Bit Axe
21:02
Husbandry
21:26
Chain Barding Armor
28:30
Stone Mining
30:16
Iron Casting
36:03
Imperial Age
34:54
Bow Saw
35:24
Gold Shaft Mining
36:04
Cavalier
37:21
Plate Barding Armor
37:47
Blast Furnace
38:14
Wheelbarrow
37:25
Paladin
39:34
Hand Cart
OnlyFarms
11:24
Feudal Age
11:35
Man-at-Arms
12:50
Arson
15:31
Scale Mail Armor
23:02
Castle Age
21:40
Forging
21:21
Horse Collar
23:51
Heavy Plow
23:32
Long Swordsman
25:13
Iron Casting
25:47
Chain Mail Armor
26:28
Squires
28:44
Stone Mining
29:58
Fletching
33:28
Bodkin Arrow
36:12
Chieftains
40:12
Imperial Age
Chitreano
5:56
Loom
8:57
Feudal Age
10:57
Double-Bit Axe
18:50
Horse Collar
19:37
Bloodlines
25:26
Castle Age
23:56
Gold Mining
25:07
Stone Mining
25:43
Fletching
27:49
Bodkin Arrow
27:30
Pikeman
33:26
Arson
36:17
Padded Archer Armor
38:38
Wheelbarrow
37:49
Town Watch
39:16
Leather Archer Armor